 Dungeon Crawl Stone Soup version 0.26-a0-830-g2a559e7be2 (webtiles) character file.

Game seed: 5421901066255987831

363 xomtakethewheel the Skirmisher (level 6, 0/45 HPs)
             Began as an Octopode Chaos Knight on Nov 15, 2020.
             Was a Plaything of Xom.
             Killed by divine providence
             ... invoked by an orc priest
              (8 damage)
             ... on level 4 of the Dungeon.
             The game lasted 00:04:49 (2978 turns).

xomtakethewheel the Skirmisher (OpCK)               Turns: 2978, Time: 00:04:50

Health: 0/45       AC:  1    Str: 13    XL:     6   Next: 67%
Magic:  6/6        EV: 15    Int: 14    God:    Xom [.*....]
Gold:   123        SH:  0    Dex: 12    Spells: 5/5 levels left

rFire    . . .     SeeInvis .   s - +1 dagger (distort)
rCold    . . .     Faith    .   (no shield)
rNeg     . . .     Spirit   .   (helmet restricted)
rPois    .         Reflect  .   (no amulet)
rElec    .         Harm     .   (no ring)
rCorr    .         Rampage  .   (no ring)
MR       .....                  (no ring)
Stlth    ++........             (no ring)
HPRegen  0.15/turn              (no ring)
MPRegen  0.10/turn              (no ring)
                                (no ring)
                                (no ring)

@: no status effects
A: almost no armour, stealthy swim, amphibious, 8 rings, constrict 8, camouflage
1, gelatinous body 1
a: Renounce Religion


You were on level 4 of the Dungeon.
You worshipped Xom.
You were a plaything of Xom.
You visited 1 branch of the dungeon, and saw 4 of its levels.
You also visited: Sewer.

You collected 123 gold pieces.

Inventory:

Hand Weapons
 a - a +0 spear of chaos
 c - a +0 hunting sling
 f - a +0 spear
 s - a +1 dagger of distortion (weapon)
Missiles
 b - 88 stones (quivered)
 e - 32 sling bullets
Magical Staves
 n - an uncursed staff of air {unknown}
Jewellery
 r - an uncursed ring of ice
Scrolls
 d - a scroll of random uselessness {unknown}
 h - a scroll of amnesia {unknown}
 i - 2 scrolls of enchant weapon {unknown}
 j - a scroll of remove curse {unknown}
 k - a scroll of identify {unknown}
 l - a scroll of fear {unknown}
 m - a scroll of fog {unknown}
 o - 2 scrolls of enchant armour {unknown}
 t - a scroll of noise {unknown}
 w - a scroll of magic mapping {unknown}
Potions
 g - a potion of attraction {unknown}
 p - 3 potions of curing {unknown}
 q - a potion of ambrosia {unknown}
 u - 2 potions of flight {unknown}
 v - a potion of heal wounds {unknown}
 x - a potion of cancellation {unknown}


   Skills:
 + Level 5.5 Fighting
 * Level 2.7 Short Blades
 - Level 3.0 Polearms
 + Level 4.2 Dodging


You had 5 spell levels left.
You didn't know any spells.
Your spell library was empty.

Dungeon Overview and Level Annotations

Branches:
Dungeon (4/15)              Sewer (visited)
 Temple: D:4-7

Altars:
Dithmenos

Annotations:
D:3 Grinder


Innate Abilities, Weirdness & Mutations

You cannot wear most types of armour.
You are very stealthy in the water. (Stealth+)
You are amphibious.
You can wear up to eight rings at the same time.
You can use your tentacles to constrict eight enemies at once.
Your skin changes colour to match your surroundings (Stealth+).
Your rubbery body absorbs attacks. (AC +1, EV +1)


Message History

You hear Xom's avuncular chuckle.
The ogre evaporates and reforms as a tengu!
The jackal bites you. The orc hits you with a +0 whip.
The orc hits you from afar with a +0 trident.
Found a stone staircase leading down.
The jackal bites you.
You hear a tremendous hooting and howling!
The jackal barely misses you. The jackal bites you.
An ogre comes into view. It is wielding a +0 giant spiked club.
A jackal comes into view.
The jackal barely misses you.
A jackal comes into view.
The orc priest invokes the aid of Beogh against you.
Beogh smites you!
* * * LOW HITPOINT WARNING * * *
The jackal misses you.
The orc priest invokes the aid of Beogh against you.
Beogh smites you!
You die...
Xom bursts into laughter!

... #.# ..... # ..#
..... # ##.##..... #.
###...O>.... #..
#........... ....
##........... ".h
#.........h.. ..
#....@...h... .
######...hh....... ....
. #......Q..h..#..#.
.... ........oo..# ##
..oo. .........)..##
..... ####...)o....##
......
#####....#....##.....#
##...#o.#.##..........#
#.......####....$......


You could see an ogre, a tengu, an orc priest, an orc wizard, 2 orcs and 5
jackals.

Vanquished Creatures
  An ogre (D:4)
  A big kobold (Sewer)
  An orc priest (D:3)
  An orc wizard (D:4)
  A gnoll (D:2)
  An adder (D:2)
  A river rat (Sewer)
  2 oozes
  2 worms (D:3)
  4 dart slugs
  5 leopard geckos
  5 orcs
  5 bats
  6 giant cockroaches
  3 goblins
  5 hobgoblins
  2 jackals (Sewer)
  2 ball pythons
  3 frilled lizards
  9 kobolds
  6 rats
66 creatures vanquished.

Vanquished Creatures (collateral kills)
  2 gnolls (D:2)
  An adder (D:2)
  A dart slug (D:2)
  A hobgoblin (D:2)
  2 jackals (D:2)
7 creatures vanquished.

Grand Total: 73 creatures vanquished

Notes
Turn   | Place    | Note
-------+----------+-------------------------------------------
     0 | D:1      | xomtakethewheel the Octopode Chaos Knight began the quest
                  | for the Orb.
     0 | D:1      | Reached XP level 1. HP: 16/16 MP: 1/1
    47 | D:1      | XOM: divination: detect items
    93 | D:1      | Reached XP level 2. HP: 21/21 MP: 2/2
   715 | D:1      | Reached XP level 3. HP: 27/27 MP: 3/3
  1045 | D:1      | XOM is BORED!
  1045 | D:1      | XOM: noise
  1109 | D:2      | XOM: potion effect (curing)
  1120 | D:2      | Reached skill level 4 in Fighting
  1149 | D:2      | XOM: 2-stop teleportation journey
  1513 | D:2      | XOM: god gift: thick runed staff {god gift}
  1562 | D:2      | Found a shadowy altar of Dithmenos.
  1605 | D:2      | Found a faded altar of an unknown god.
  1637 | D:2      | XOM: silly message
  1725 | D:2      | Reached XP level 4. HP: 27/34 MP: 4/4
  2156 | D:3      | Reached XP level 5. HP: 31/38 MP: 5/5
  2157 | D:3      | Reached skill level 5 in Fighting
  2247 | D:3      | Found a glowing drain.
  2273 | Sewer    | Entered a sewer
  2466 | Sewer    | Noticed a big kobold
  2469 | Sewer    | XOM: fog
  2487 | Sewer    | XOM: potion effect (curing)
  2495 | Sewer    | Killed a big kobold
  2496 | Sewer    | Reached skill level 1 in Short Blades
  2496 | Sewer    | Reached XP level 6. HP: 26/45 MP: 6/6
  2628 | Sewer    | Found a white marble altar of Elyvilon.
  2788 | D:3      | Noticed Grinder
  2789 | D:3      | XOM: potion effect (haste)
  2947 | D:4      | XOM: 7-stop teleportation journey
  2964 | D:4      | XOM: enchant monster (bad)
  2975 | D:4      | XOM: polymorph ogre -> tengu
  2978 | D:4      | Killed from afar by an orc priest

Illustrated notes

Levels and vault maps discovered:
D:1:      giann_forest_graveyard, layout_basic, serial_aquarium,
          aquarium_bridge_square [aquarium_subvault_wall,
          aquarium_subvault_wall, aquarium_subvault_bridge,
          aquarium_subvault_window], aquarium_window_fake,
          aquarium_window_corner, aquarium_window_2, aquarium_view_2g,
          aquarium_view_2d
D:2:      layout_basic, lemuel_doored_altar, chequers_ecumenical_altar_twisty
D:3:      layout_basic, gup_sewer_entry_glass, uniq_grinder
D:4:      layout_cave_pools

Skill      XL: |  1  2  3  4  5  6 |
---------------+-------------------+-----
Fighting       | 4 5 |  5.5
Dodging        | 3 4 |  4.2
Short Blades   | 1 2 |  2.7
Polearms       | |  3.0

Action                   |  1- 3 |  4- 6 || total
-------------------------+-------+-------++-------
Melee: Spear             |    84 |    26 ||   110
       Constrict         |    17 |    18 ||    35
       Tentacles         |    14 |    16 ||    30
       Dagger            |       |    60 ||    60
 Stab: Sleeping          |    11 |     2 ||    13
       Petrifying        |     1 |       ||     1
       Paralysed         |     1 |       ||     1
Armor: Skin              |     1 |     2 ||     3
Dodge: Dodged            |    43 |    42 ||    85

Table legend: (Time is in decaauts)
 A = Elapsed time spent in this place.
 B = Non-inter-level travel time spent in this place.
 C = Inter-level travel time spent in this place.
 D = Time resting spent in this place.
 E = Time spent auto-exploring this place.
 F = Levels seen in this place.
 G = Mean time per level.
                   A        B        C        D        E       F      G
               +--------+--------+--------+--------+--------+-----+--------+
         Total |   2949 |   2725 |    224 |    187 |   1859 |   5 |  589.8 |
       Dungeon |   2559 |   2335 |    224 |    187 |   1546 |   4 |  639.8 |
         Sewer |    390 |    390 |      0 |      0 |    313 |   1 |  390.0 |
               +--------+--------+--------+--------+--------+-----+--------+

Top non-repeatable levels by time:
     D:1: 1237 daAuts
     D:2: 810 daAuts
   Sewer: 390 daAuts
     D:3: 385 daAuts
     D:4: 125 daAuts
